 Dungeon Crawl Stone Soup version 0.31.0-32-g396128a36d (webtiles) character file.

Game seed: 10975952702649576565

4313 booth the Basher (level 10, -6/64 HPs)
             Began as a Gargoyle Monk on Mar 18, 2024.
             Was an Elder of Wu Jian.
             Mangled by an acid dragon (8 damage)
             ... on level 8 of the Dungeon.
             The game lasted 00:52:43 (8300 turns).

booth the Basher (Gargoyle Monk)                    Turns: 8300, Time: 00:52:44

Health: -6/64      AC:  8    Str: 18    XL:     10   Next: 33%
Magic:  10/10      EV: 12    Int: 12    God:    Wu Jian [****..]
Gold:   300        SH:  0    Dex: 12    Spells: 9/9 levels left

rFire   . . .        a - +4 mace
rCold   . . .        (no shield)
rNeg    + . .        p - +0 ring mail
rPois   ∞            b - +0 helmet
rElec   +            f - +1 cloak
rCorr   .            (no gloves)
SInv    .            (no boots)
Will    +....        (no amulet)
Stlth   ++           n - ring of willpower
HPRegen 0.30/turn    u - +4 ring of slaying
MPRegen 0.12/turn

%: no passive effects
@: corroded
A: sickness immunity, AC +7, negative energy resistance 1, electricity
resistance, torment resistance 1, petrification resistance
a: Renounce Religion, Wall Jump, Serpent's Lash


You were on level 8 of the Dungeon.
You worshipped Wu Jian.
Wu Jian was greatly pleased with you.
You visited 2 branches of the dungeon, and saw 9 of its levels.

You collected 490 gold pieces.
You spent 190 gold pieces at shops.

Inventory:

Hand Weapons
 a - a +4 mace (weapon)
 q - a +0 flail
 w - a +0 war axe
Missiles
 y - 3 boomerangs (quivered)
Armour
 b - a +0 helmet (worn)
 d - an orb of light
 f - a +1 cloak (worn)
 p - a +0 ring mail (worn)
 z - a +0 kite shield
Jewellery
 n - a ring of willpower (left hand)
 u - a +4 ring of slaying (right hand)
 x - a +6 ring of dexterity
Wands
 l - a wand of paralysis (9)
 o - a wand of roots (8)
 t - a wand of digging (10)
 v - a wand of flame (5)
 B - a wand of light (13)
Scrolls
 g - 4 scrolls of fear
 h - 6 scrolls of amnesia
 j - 2 scrolls of revelation
 r - 4 scrolls of identify
 C - 2 scrolls of blinking
Potions
 c - 2 potions of ambrosia
 e - 2 potions of enlightenment
 i - a potion of lignification
 m - a potion of mutation
 s - a potion of attraction
 A - a potion of resistance
 D - a potion of cancellation {unknown}


   Skills:
 + Level 8.3 Fighting
 * Level 10.3 Maces & Flails
 + Level 5.1 Armour
 - Level 4.7 Dodging
 + Level 5.7 Stealth


You had 9 spell levels left.
You didn't know any spells.
Your spell library was empty.

Dungeon Overview and Level Annotations

Branches:
Dungeon (8/15)             Temple (1/1) D:7
   Lair: D:8-11

Altars:
Ashenzari
Dithmenos
Elyvilon
Fedhas
Gozag
Hepliaklqana
Kikubaaqudgha
Makhleb
Nemelex Xobeh
Okawaru
Qazlal
Ru
Trog
Uskayaw
Vehumet
Wu Jian
Xom
Yredelemnul
The Shining One

Shops:
D:5 **(

Annotations:
D:4 1 runed translucent door, Alphaeus's ghost, amateur TrSh


Innate Abilities, Weirdness & Mutations

You are immune to sickness and miasma.
Your stone body is resilient. (AC +7)
You are immune to poison.
You resist negative energy. (rN+)
You are resistant to electric shocks. (rElec)
You are resistant to unholy torment.
You are immune to petrification.


Message History

The acid dragon claws you but does no damage.
You feel much better. The acid dragon bites you. The acid dragon claws you.
* * * LOW HITPOINT WARNING * * *
You spin and attack the acid dragon.
You hit the acid dragon but do no damage.
The acid dragon is moderately wounded.
The acid dragon bites you!
* * * LOW HITPOINT WARNING * * *
The acid dragon claws you but does no damage.
You closely miss the acid dragon.
The acid dragon is moderately wounded.
The acid dragon bites you but does no damage.
The acid dragon barely misses you.
You barely miss the acid dragon.
The acid dragon is moderately wounded.
The acid dragon misses you. The acid dragon claws you.
* * * LOW HITPOINT WARNING * * *
You feel much better. The acid dragon closely misses you. x2
You closely miss the acid dragon. Your punch misses the acid dragon.
The acid dragon is moderately wounded.
The acid dragon bites you! The acid dragon misses you.
You hit the acid dragon.
The acid dragon is heavily wounded.
The acid dragon spits acid at you. The splash of acid hits you!!
* * * LOW HITPOINT WARNING * * *
You enter the shallow water.
Moving in this stuff is going to be slow.
You spin and attack the acid dragon repeatedly.
You barely miss the acid dragon.
The acid dragon is heavily wounded.
You hit the acid dragon.
The acid dragon is severely wounded.
The acid dragon closely misses you. The acid dragon claws you.
* * * LOW HITPOINT WARNING * * *
You see here an electric eel corpse.
You spin and attack the acid dragon.
You hit the acid dragon.
The acid dragon is severely wounded.
The acid dragon bites you!
You die...

~♣ #..#^#_ ~~~~ #..#^≈.
P~~~♣♣ #..#...
P≈~~~~♣♣♣### #......
≈P≈~~~~~♣~.########.##...
≈~~≈≈~~~~~~.........##.P.
~≈≈≈≈~~~~~~~..########PP_
~~~~~~~~†~~♣.)# #.PP
.......D@...).# #.PP
~~≈≈≈~~~~~~~).# #.##
~~≈~~≈≈~~~~~♣## #.#
~♣♣♣~~≈≈~P~~~#
♣♣♣~≈~~~~♣... ♣~~~~~~~###
♣P~~~~~♣# ♣~♣~~~~#
#.#~~♣## ###


You could see an acid dragon.

Vanquished Creatures
  A two-headed ogre (D:8)
  A wraith (D:8)
  2 water moccasins
  2 ice beasts
  2 sky beasts
  2 black bears
  A centaur (D:6)
  2 phantoms
  Blork the orc (D:5)
  A bullfrog (D:6)
  3 scorpions
  2 gnoll sergeants (D:7)
  9 wights (D:7)
  6 killer bees (D:8)
  11 howler monkeys
  2 electric eels (D:8)
  A bombardier beetle (D:3)
  3 hounds
  4 orc priests
  A jelly (D:6)
  An iguana (D:5)
  3 sleepcaps (D:5)
  Natasha (thrice) (D:2)
  6 orc wizards
  Robin (D:4)
  13 gnolls
  7 adders
  A ribbon worm (D:3)
  38 orcs
  8 ball pythons
  6 endoplasms
  3 giant cockroaches
  17 goblins
  10 hobgoblins
  5 jackals
  6 quokkas
  6 bats
  4 frilled lizards
  7 kobolds
  5 rats
207 creatures vanquished.

Vanquished Creatures (others)
  An orc wizard (D:8)
1 creature vanquished.

Grand Total: 208 creatures vanquished

Notes
Turn   | Place    | Note
-------+----------+-------------------------------------------
     0 | D:1      | booth the Gargoyle Monk began the quest for the Orb.
     0 | D:1      | Reached XP level 1. HP: 14/14 MP: 1/1
   129 | D:1      | Reached XP level 2. HP: 14/19 MP: 2/2
   608 | D:1      | Reached XP level 3. HP: 23/23 MP: 3/3
  1208 | D:2      | Noticed Natasha
  1235 | D:2      | Killed Natasha
  1236 | D:2      | Reached skill level 4 in Maces & Flails
  1236 | D:2      | Reached XP level 4. HP: 12/29 MP: 4/4
  1618 | D:2      | Noticed Natasha
  1627 | D:2      | Killed Natasha
  1628 | D:2      | Reached XP level 5. HP: 33/33 MP: 5/5
  1644 | D:2      | Noticed Natasha
  1654 | D:2      | Killed Natasha
  2421 | D:3      | Reached skill level 5 in Maces & Flails
  2832 | D:4      | Reached XP level 6. HP: 39/39 MP: 6/6
  3149 | D:4      | Found a runed translucent door.
  3149 | D:4      | Noticed Alphaeus's ghost (amateur TrSh)
  3808 | D:4      | Noticed Robin
  3831 | D:4      | Killed Robin
  4053 | D:5      | Entered Level 5 of the Dungeon
  4099 | D:5      | Noticed a black bear
  4111 | D:5      | HP: 2/40 [black bear (2)]
  4518 | D:5      | Reached skill level 5 in Fighting
  4533 | D:5      | Reached XP level 7. HP: 38/44 MP: 7/7
  4589 | D:5      | Noticed Blork the orc
  4610 | D:5      | Reached skill level 6 in Maces & Flails
  4840 | D:5      | Found Erchubeu's Assorted Antiques.
  4845 | D:5      | Bought a potion of heal wounds for 130 gold pieces
  4863 | D:5      | Found Pisseq's Antique Weapon Emporium.
  4863 | D:5      | Found Isitz's General Store.
  4877 | D:5      | Bought a potion of heal wounds for 60 gold pieces
  4938 | D:5      | Found an ornate altar of the Wu Jian Council.
  4945 | D:5      | Noticed a spectral centipede
  4945 | D:5      | Noticed a spectral black mamba
  4945 | D:5      | Noticed a spectral cane toad
  4946 | D:5      | Became a worshipper of the Wu Jian Council
  4946 | D:5      | Reached * piety under Wu Jian
  4946 | D:5      | Reached ** piety under Wu Jian
  4983 | D:5      | Killed Blork the orc
  5158 | D:5      | Reached skill level 7 in Maces & Flails
  5158 | D:5      | Reached XP level 8. HP: 51/51 MP: 8/8
  5761 | D:6      | Reached skill level 1 in Armour
  5761 | D:6      | Reached skill level 1 in Stealth
  5771 | D:6      | Reached skill level 8 in Maces & Flails
  6215 | D:6      | Found a burning altar of Makhleb.
  6416 | D:7      | Reached XP level 9. HP: 44/56 MP: 9/9
  6565 | D:7      | Found a staircase to the Ecumenical Temple.
  6632 | D:7      | Reached *** piety under Wu Jian
  6709 | D:7      | Reached skill level 9 in Maces & Flails
  7589 | Temple   | Entered the Ecumenical Temple
  7670 | D:8      | Noticed a two-headed ogre
  7693 | D:8      | Killed a two-headed ogre
  7694 | D:8      | Reached skill level 10 in Maces & Flails
  7694 | D:8      | Reached skill level 5 in Stealth
  7694 | D:8      | Reached XP level 10. HP: 32/64 MP: 10/10
  8082 | D:8      | Reached **** piety under Wu Jian
  8083 | D:8      | Reached skill level 5 in Armour
  8239 | D:8      | Found a blossoming altar of Fedhas.
  8249 | D:8      | Found a stormy altar of Qazlal.
  8291 | D:8      | HP: 1/64 [acid dragon (7)]
  8299 | D:8      | HP: 1/64 [acid dragon (4)]
  8300 | D:8      | Mangled by an acid dragon

Illustrated notes

Levels and vault maps discovered:
D:1:      shiori_arrival_whats_in_store_for_you, layout_basic,
          minmay_gold_behind_fungi, minmay_misc_feat_doors,
          minmay_split_cup_small
D:2:      layout_rooms, uniq_natasha
D:3:      layout_basic, st_stairs_14
D:4:      layout_gridville, ebering_ghost_inner_flame, serial_bayou,
          serial_bayou_lagoon_a, serial_bayou_pond_c, serial_bayou_pond_d,
          serial_bayou_pond_b, corexii_shack, uniq_robin
D:5:      layout_cave_pools, pdpol_wu_jian_five_deadly_venoms, serial_shops,
          nicolae_shop_just_a_little_nook, serial_glass, glass_columns_c,
          glass_columns_a, kennysheep_pointless_box, nicolae_wooded_promenade,
          hellmonk_no_cap, uniq_blork_the_orc
D:6:      layout_loops_corners, lightli_temple_of_fire,
          kennysheep_cross_bottleneck, nicolae_tricolors
D:7:      layout_loops_cross, minmay_temple_entry_mist
D:8:      layout_loops_ring, grunt_temple_overflow_forces_of_nature,
          nicolae_eternal_life, serial_bayou_lagoon_b
Temple:   minmay_freezing_vapour_temple

Skill      XL: |  1  2  3  4  5  6  7  8  9 10 |
---------------+-------------------------------+-----
Maces & Flails | 4 5 7 8 10 | 10.3
Dodging        | 3 4 |  4.7
Fighting       | 4 5 6 8 |  8.3
Armour         | 2 4 5 |  5.1
Stealth        | 2 5 |  5.7

Action                     |  1- 3 |  4- 6 |  7- 9 | 10-12 || total
---------------------------+-------+-------+-------+-------++-------
  Melee: Mace              |   119 |   245 |   353 |    95 ||   812
         Punch             |       |     1 |     3 |       ||     4
  Throw: Boomerang         |       |       |     4 |       ||     4
Ability: Whirlwind         |       |       |    89 |    25 ||   114
         Lunge             |       |       |    43 |     7 ||    50
         Wall Jump         |       |       |     1 |       ||     1
  Evoke: Wand              |       |     3 |       |       ||     3
    Use: Scroll            |     4 |    15 |     4 |       ||    23
         Potion            |       |     4 |     1 |     2 ||     7
 Armour: Robe              |    79 |    41 |       |       ||   120
         Ring mail         |       |   189 |   225 |    76 ||   490
         Skin              |       |     1 |       |       ||     1
  Dodge: Dodged            |   104 |   180 |   163 |    42 ||   489
